 Dungeon Crawl Stone Soup version 0.29.0-15-g675c0067aa (webtiles) character file.

Game seed: 5870564441810466729

2027 Flugkiller the Firebug (level 9, -4/48 HPs)
             Began as a Kobold Fire Elementalist on Sept 11, 2022.
             Slain by Maggie
             ... wielding a +0 glaive
              (14 damage)
             ... on level 6 of the Dungeon.
             The game lasted 00:09:00 (7929 turns).

Flugkiller the Firebug (Kobold Fire Elementalist)   Turns: 7929, Time: 00:09:00

Health: -4/48      AC:  4    Str:  6    XL:     9   Next: 47%
Magic:  4/15       EV: 16    Int: 20    God:
Gold:   267        SH:  0    Dex: 15    Spells: 11/17 levels left

rFire   + . .      SeeInvis .   (weapon restricted)
rCold   . . .      Faith    .   (no shield)
rNeg    . . .      Spirit   .   a - +0 robe
rPois   .          Reflect  .   c - +1 helmet
rElec   .          Harm     .   (no cloak)
rCorr   .          Rampage  .   (no gloves)
Will    .....                   (no boots)
Stlth   ++........              (no amulet)
HPRegen 0.16/turn               f - ring of protection from fire
MPRegen 0.14/turn               (no ring)

@: silenced, invisible
A: small, no large weapons, nightstalker 3
a: no special abilities


You were on level 6 of the Dungeon.
You visited 1 branch of the dungeon, and saw 6 of its levels.

You collected 267 gold pieces.

Inventory:

Hand Weapons
 d - a +0 dagger
   (You took it off a goblin on level 1 of the Dungeon)
 A - a +2 whip of venom
   (You took it off an orc on level 6 of the Dungeon)
Armour
 a - a +0 robe (worn)
 c - a +1 helmet (worn)
   (You found it on level 1 of the Dungeon)
Magical Staves
 y - a staff of earth
   (You found it on level 4 of the Dungeon)
Jewellery
 f - a ring of protection from fire (left hand)
   (You found it on level 5 of the Dungeon)
Scrolls
 b - a scroll of vulnerability
 g - 2 scrolls of immolation
 i - a scroll of butterflies
 t - a scroll of enchant weapon
 x - a scroll of noise {unknown}
 z - a scroll of teleportation {unknown}
Potions
 e - 2 potions of attraction
 j - a potion of magic
 l - a potion of might {unknown}
 m - a potion of flight
 p - a potion of brilliance {unknown}
 q - a potion of curing
 s - a potion of haste {unknown}
 v - a potion of heal wounds {unknown}
 w - a potion of berserk rage {unknown}


   Skills:
 - Level 2.0 Fighting
 - Level 5.0 Dodging
 - Level 2.6 Stealth
 - Level 4.6 Spellcasting
 + Level 7.2 Conjurations
 + Level 7.8 Fire Magic


You had 11 spell levels left.
You knew the following spells:

 Your Spells              Type           Power      Damage    Failure   Level
a - Foxfire               Conj/Fire      100%       2x1d9     1%          1
b - Scorch                Fire           72%        2d9       1%          2
c - Conjure Flame         Conj/Fire      34%        6-21      1%          3

Your spell library contained the following spells:

 Spells                   Type           Power      Damage    Failure   Level
 Flame Wave               Conj/Fire      34%        2d10      5%          4
 Inner Flame              Hex/Fire       20%        N/A       7%          3
 Gell's Gravitas          Tloc           4%         N/A       36%         3
 Lesser Beckoning         Tloc           4%         N/A       36%         3
 Teleport Other           Tloc           4%         N/A       36%         3
 Dispersal                Tloc           2%         N/A       100%        6


Dungeon Overview and Level Annotations

Branches:
Dungeon (6/15)
 Temple: D:4-7

Altars:
Nemelex Xobeh
Qazlal

Shops:
D:5 [

Annotations:
D:6 Maggie


Innate Abilities, Weirdness & Mutations

You are small and have problems with some larger weapons.
You are completely attuned to the shadows.


Message History

You hit the water moccasin.
The water moccasin is almost dead.
An orc wizard comes into view. It is wielding a +0 dagger.
The water moccasin barely misses you. The orc hits you with a +0 hand axe.
You turn into a tree.
Your +1 helmet melds into your body.
Your +0 robe melds into your body.
Your roots penetrate the ground.
The water moccasin bites you but does no damage. x2
The orc hits you but does no damage.
You are already wielding that!
Your +2 whip of venom stops dripping with poison.
You are now empty-handed.
You closely miss the water moccasin.
The water moccasin is almost dead.
The water moccasin bites you but does no damage. x2
You barely miss the water moccasin.
The water moccasin is almost dead.
The water moccasin bites you but does no damage.
You barely miss the water moccasin.
The water moccasin is almost dead.
The water moccasin bites you but does no damage.
The orc wizard hits you with a +0 dagger.
You hit the water moccasin.
You kill the water moccasin!
The orc wizard hits you but does no damage.
You hit the orc priest.
The orc priest is moderately wounded.
The orc priest hits you but does no damage.
The orc wizard hits you but does no damage.
You barely miss the orc priest.
The orc priest is moderately wounded.
The orc priest hits you but does no damage.
The orc wizard casts a spell.
The orc wizard flickers and vanishes!
Deactivating autopickup; reactivate with Ctrl-A.
You hit the orc priest but do no damage.
Your punch misses the orc priest.
The orc priest is moderately wounded.
Maggie casts a spell at you.
The bolt of fire hits the orc!
The orc dies!
The bolt of fire hits something!
Reactivating autopickup.
The bolt of fire hits you! You resist.
The orc priest invokes the aid of Beogh against you.
Beogh smites you!
You hit the orc priest.
The orc priest is severely wounded.
The orc priest hits you with a +0 dagger.
You barely miss the orc priest.
The orc priest is severely wounded.
The orc priest hits you with a +0 dagger.
You smack the orc priest!
You kill the orc priest!
Maggie hits you from afar with a +0 glaive!
* * * LOW HITPOINT WARNING * * *
An orc comes into view. It is wielding a +0 club.
It was a potion of flight.
Your roots keep you in place.
Maggie barely misses you.
It was a potion of invisibility.
You fade into invisibility!
Maggie completely misses you.
You aren't carrying any items that you can evoke.
Unknown command.
Okay, then.
Unknown command.
It was a potion of curing.
You feel better.
q - a potion of curing;
t - a scroll of enchant weapon Maggie completely misses you.
It was a potion of cancellation.
Your magical effects are unravelling.
You feel magically purged.
You feel less wooden.
Your +1 helmet unmelds from your body.
Your +0 robe unmelds from your body.
You flicker back into view.
Maggie hits you from afar with a +0 glaive!
* * * LOW HITPOINT WARNING * * *
Maggie casts a spell.
Maggie attempts to bespell you!
You are mesmerised by Maggie!
Things that are here:
a +0 dagger; a water moccasin corpse
As you read the scroll of silence, it crumbles to dust.
A profound silence engulfs you.
You are no longer entranced.
Unknown command.
An orc priest comes into view. It is wielding a +0 flail.
The orc priest hits you with a +0 flail.
* * * LOW HITPOINT WARNING * * *
Magic scrolls do not work when you're silenced!
Unknown command.
Really attack while wielding nothing? [Y]es or [N]o only, please.
Really attack while wielding nothing?
Okay, then.
Magic scrolls do not work when you're silenced!
Unknown command.
You fade into invisibility!
Maggie hits you from afar with a +0 glaive!
You die...

#
#.#.#####.##.#...
# #.#.#...o.##)#
#. #
#.#.#o######)# #
#.#.#.# #.#
#####.#.#.# #)#
........#o######o#
#####.###.##...#@#
.......>#.##...#.#
#####.#.#.##...#@#
..#.#.##...#o#..
#..'.o.).....
####..†#.....
#...###### #...#
#...#


You could see Maggie (unable to see you), an orc priest (unable to see you) and
an orc (unable to see you).

Vanquished Creatures
  A water moccasin (D:6)
  2 ice beasts
  3 ogres
  A black bear (D:5)
  3 sky beasts
  4 phantoms
  2 scorpions (D:5)
  2 necrophages
  5 hounds
  4 orc priests
  An orc wizard (D:6)
  2 iguanas
  10 gnolls
  3 adders
  4 worms
  3 dart slugs
  21 orcs
  8 endoplasms
  3 giant cockroaches
  8 goblins
  10 hobgoblins
  3 jackals (D:1)
  4 quokkas
  9 ball pythons
  4 bats
  5 frilled lizards
  3 kobolds
  9 rats
137 creatures vanquished.

Vanquished Creatures (others)
  An orc wizard (D:6)
  A gnoll (D:4)
  An orc (D:6)
  An endoplasm (D:4)
  493 foxfires
  21 plants (D:1)
518 creatures vanquished.

Grand Total: 655 creatures vanquished

Notes
Turn   | Place    | Note
-------+----------+-------------------------------------------
     0 | D:1      | Flugkiller the Kobold Fire Elementalist began the quest for
                  | the Orb.
     0 | D:1      | Reached XP level 1. HP: 10/10 MP: 3/3
   264 | D:1      | Reached XP level 2. HP: 15/15 MP: 1/5
   498 | D:1      | Reached XP level 3. HP: 19/19 MP: 1/7
   720 | D:1      | Reached XP level 4. HP: 24/24 MP: 4/8
   723 | D:1      | Learned a level 2 spell: Scorch
   727 | D:1      | Learned a level 3 spell: Conjure Flame
   792 | D:1      | Found a faded altar of an unknown god.
  2043 | D:2      | Reached XP level 5. HP: 28/28 MP: 3/9
  2096 | D:2      | Found a sparkling altar of Nemelex Xobeh.
  3848 | D:4      | Reached XP level 6. HP: 29/32 MP: 6/11
  4212 | D:4      | Noticed an ogre
  4225 | D:4      | Killed an ogre
  4415 | D:4      | Reached XP level 7. HP: 36/36 MP: 10/13
  4443 | D:4      | Found a stormy altar of Qazlal.
  4731 | D:3      | Reached skill level 5 in Fire Magic
  5353 | D:5      | Entered Level 5 of the Dungeon
  5485 | D:5      | Reached skill level 1 in Fighting
  5653 | D:5      | Reached XP level 8. HP: 39/44 MP: 8/14
  5671 | D:5      | Reached skill level 5 in Dodging
  6446 | D:5      | Reached skill level 5 in Conjurations
  6903 | D:5      | Reached XP level 9. HP: 48/48 MP: 8/15
  6966 | D:5      | Found Buihycs's Antique Armour Emporium.
  7810 | D:6      | Noticed Maggie
  7929 | D:6      | Slain by Maggie

Illustrated notes

Levels and vault maps discovered:
D:1:      heliophobic_arrival_glass_houses, layout_rooms,
          basic_ecumenical_altar, nicolae_grassy_gnolls
D:2:      layout_loops_ring, basic_altar, minmay_tiny_reverse_x
D:3:      layout_loops_corners
D:4:      layout_rooms, grunt_qazlal_clouds, minmay_misc_feat_four_crosses
D:5:      layout_loops_ring, serial_shops, shop_statue
D:6:      layout_basic, grunt_decor_junction, uniq_maggie

Skill      XL: |  1  2  3  4  5  6  7  8  9 |
---------------+----------------------------+-----
Conjurations   | 2 3 4 5 7 |  7.2
Spellcasting   | 3 4 |  4.6
Fire Magic     | 4 5 6 7 |  7.8
Fighting       | 2 |  2.0
Dodging        | 4 5 |  5.0
Stealth        | |  2.6

Action                   |  1- 3 |  4- 6 |  7- 9 || total
-------------------------+-------+-------+-------++-------
Melee: Dagger            |    11 |    42 |     3 ||    56
       Punch             |       |     1 |       ||     1
       Unarmed           |       |       |    37 ||    37
       Whip              |       |       |     2 ||     2
 Cast: Foxfire           |    43 |   132 |   122 ||   297
       Scorch            |       |     2 |    40 ||    42
       Conjure Flame     |       |       |     3 ||     3
  Use: Potion            |       |     1 |     8 ||     9
       Scroll            |       |       |    10 ||    10
 Stab: Sleeping          |       |     7 |       ||     7
Armor: Robe              |     6 |    11 |     6 ||    23
       Skin              |       |       |    38 ||    38
Dodge: Dodged            |     8 |    60 |    53 ||   121
